 Dungeon Crawl Stone Soup version 0.27-a0-417-g317cea8a3c (webtiles) character file.

Game seed: 9496263109296491194

184 sanka the Chiller (level 5, -1/35 HPs)
             Began as a Vampire Ice Elementalist on Feb 25, 2021.
             Slain by Grinder (7 damage)
             ... while paralysed by Grinder
             ... on level 3 of the Dungeon.
             The game lasted 00:06:01 (3071 turns).

sanka the Chiller (Vampire Ice Elementalist)        Turns: 3071, Time: 00:06:02

Health: -1/35      AC:  9    Str:  7      XL:     5   Next: 36%
Magic:  3/8        EV:  2    Int: 14 (17) God:
Gold:   169        SH:  0    Dex: 15 (16) Spells: 1/8 levels left

rFire    + . .     SeeInvis +   i - +1 dagger (flame)
rCold    . . .     Faith    .   (no shield)
rNeg     . . .     Spirit   .   a - +0 robe
rPois    .         Reflect  .   g - +0 helmet
rElec    .         Harm     .   (no cloak)
rCorr    .         Rampage  .   (no gloves)
Will     .....                  (no boots)
Stlth    ++........             (no amulet)
HPRegen  0.31/turn              (no ring)
MPRegen  0.11/turn              j - ring of protection from fire

@: paralysed, icy armour, regenerating quickly
A: fangs 3, see invisible, unbreathing
a: Exsanguinate


You were on level 3 of the Dungeon.
You visited 1 branch of the dungeon, and saw 3 of its levels.

You collected 169 gold pieces.


Innate Abilities, Weirdness & Mutations

Your natural rate of healing is unusually fast.
You have razor-sharp teeth.
You have supernaturally acute eyesight. (SInv)
You can survive without breathing.


   Skills:
 - Level 2.1 Dodging
 - Level 3.0 Stealth
 - Level 2.0 Spellcasting
 + Level 6.7 Ice Magic


You had one spell level left.
You knew the following spells:

 Your Spells              Type           Power        Failure   Level
a - Ozocubu's Armour      Ice            20%          4%          3
y - Frozen Ramparts       Ice            40%          4%          3
z - Freeze                Ice            80%          1%          1

Your spell library contained the following spells:

 Spells                   Type           Power        Failure   Level
 Animate Skeleton         Necr           2%           24%         1
 Apportation              Tloc           2%           24%         1
 Corona                   Hex            1%           24%         1
 Summon Small Mammal      Summ           4%           24%         1
 Hailstorm                Conj/Ice       10%          52%         4
 Summon Ice Beast         Ice/Summ       10%          52%         4

Inventory:

Hand Weapons
 i - a +1 dagger of flaming (weapon)
Armour
 a - a +0 robe (worn)
 g - a +0 helmet (worn)
Jewellery
 j - a ring of protection from fire (right hand)
Scrolls
 d - 3 scrolls of teleportation {unknown}
 e - 4 scrolls of identify {unknown}
 f - a scroll of blinking {unknown}
 h - a scroll of magic mapping {unknown}
 k - a scroll of noise {unknown}
 l - a scroll of amnesia {unknown}
 m - a scroll of fog {unknown}
Potions
 b - 2 potions of curing {unknown}
 c - 2 potions of degeneration {!q}
 n - a potion of might {unknown}

Dungeon Overview and Level Annotations

Branches:
Dungeon (3/15)

Altars:
Hepliaklqana
Nemelex Xobeh
Sif Muna
Zin

Annotations:
D:3 Grinder

.▒
...............▒.▒▒▒
.▒
▒▒▒.▒▒▒▒[......▒.▒
.▒ ▒....<[......▒.▒
.▒ ▒▒▒.▒........▒†▒
>▒ .. ▒........▒.▒
▒▒ ▒. ▒........▒.▒ ▒
▒.....▒'▒▒▒▒▒▒.▒ ▒
▒▒▒▒▒▒▒5▒ ▒.▒ ▒ ▒V▒
▒.▒ ▒ ▒.▒ ▒.▒ ▒
▒.▒▒▒▒▒▒.▒ ▒
▒........▒ ▒
▒▒▒▒▒▒▒▒▒▒


You could see Grinder.


Message History

The wall freezes Grinder but does no damage.
Grinder closely misses you.
You hit Grinder. You burn Grinder.
Grinder is lightly wounded.
Grinder completely resists.
The wall freezes Grinder but does no damage.
Grinder gestures at you.
You suddenly lose the ability to move!
Grinder completely resists.
The wall freezes Grinder but does no damage.
Grinder hits you.
* * * LOW HITPOINT WARNING * * *
You writhe in agony.
* * * LOW HITPOINT WARNING * * *
Grinder resists.
The wall freezes Grinder.
Grinder hits you.
* * * LOW HITPOINT WARNING * * *
You writhe in agony.
* * * LOW HITPOINT WARNING * * *
The frozen ramparts melt away.
Grinder hits you.
* * * LOW HITPOINT WARNING * * *
You writhe in agony.
* * * LOW HITPOINT WARNING * * *
Grinder gestures at you.
You shrug off the repeated paralysis!
Grinder hits you!
You die...

Action                   |  1- 3 |  4- 6 || total
-------------------------+-------+-------++-------
Melee: Unarmed           |    32 |       ||    32
       Bite              |     3 |       ||     3
       Dagger            |       |    11 ||    11
 Cast: Freeze            |    51 |    61 ||   112
       Frozen Ramparts   |     1 |     2 ||     3
       Ozocubu's Armour  |       |     1 ||     1
  Use: Potion            |       |     2 ||     2
 Stab: Sleeping          |     2 |       ||     2
Armor: Robe              |     6 |     8 ||    14
Dodge: Dodged            |    42 |    44 ||    86

Levels and vault maps discovered:
D:1:      roderic_crop_circles_arrival_small, layout_basic, serial_bayou_pond_e,
          chequers_garden, nemelex_altar_shiori
D:2:      layout_rooms, nicolae_overflow_hidden_temple,
          overflow_temple_1_default, uniq_robin
D:3:      layout_basic, zin_angel, uniq_grinder

Notes
Turn   | Place    | Note
-------+----------+-------------------------------------------
     0 | D:1      | sanka the Vampire Ice Elementalist began the quest for the
                  | Orb.
     0 | D:1      | Reached XP level 1. HP: 13/13 MP: 3/3
   112 | D:1      | Reached XP level 2. HP: 19/19 MP: 0/5
   717 | D:1      | Reached skill level 5 in Ice Magic
   717 | D:1      | Reached XP level 3. HP: 21/24 MP: 4/6
   875 | D:1      | Found a sparkling altar of Nemelex Xobeh.
  1170 | D:2      | Noticed Robin
  1233 | D:1      | Learned a level 3 spell: Frozen Ramparts
  1256 | D:2      | Killed Robin
  1375 | D:2      | Reached XP level 4. HP: 30/30 MP: 4/7
  1569 | D:2      | Found a shimmering blue altar of Sif Muna.
  1580 | D:2      | HP: 1/30 [dart slug/slug dart (5)]
  1581 | D:2      | Reached skill level 6 in Ice Magic
  1585 | D:2      | HP: 1/30 [gnoll/+0 spear (1)]
  1951 | D:2      | Found a hazy altar of Hepliaklqana.
  2038 | D:2      | Reached XP level 5. HP: 35/35 MP: 5/8
  2276 | D:3      | Noticed Grinder
  2356 | D:3      | Learned a level 3 spell: Ozocubu's Armour
  2827 | D:3      | Found a glowing silver altar of Zin.
  2827 | D:3      | Noticed an angel
  3066 | D:3      | Paralysed by Grinder for 7 turns
  3071 | D:3      | Slain by Grinder

Vanquished Creatures
  Robin (D:2)
  3 gnolls (D:2)
  5 adders
  An ooze (D:1)
  3 dart slugs
  2 leopard geckos (D:1)
  4 orcs (D:3)
  5 bats
  3 giant cockroaches
  18 goblins
  8 hobgoblins
  8 jackals
  A quokka (D:3)
  A ball python (D:1)
  5 frilled lizards
  8 kobolds
  5 rats
81 creatures vanquished.
